 Dungeon Crawl Stone Soup version 0.17-a0-2064-g265a032 (webtiles) character file.

2074 pk666 the Cleaver (level 9, -2/79 HPs)
             Began as a Minotaur Fighter on Oct 13, 2015.
             Was a Follower of Okawaru.
             Slain by Menkaure (14 damage)
             ... on level 7 of the Dungeon.
             The game lasted 00:15:55 (6152 turns).

pk666 the Cleaver (Minotaur Fighter)                Turns: 6152, Time: 00:15:55

Health: -2/79      AC: 13    Str: 23    XL:     9   Next: 6%
Magic:  17/17      EV:  4    Int:  5    God:    Okawaru [*.....]
Gold:   160        SH:  9    Dex: 11    Spells: 0 memorised, 8 levels left

rFire  . . .     SeeInvis .     a - +0 war axe
rCold  . . .     Clarity  .     e - +0 plate armour
rNeg   . . .     SustAt   .     c - +0 shield
rPois  .         Gourm    .     (helmet restricted)
rElec  .         Spirit   .     D - +0 cloak
rCorr  .         Warding  .     (no gloves)
rMut   .         Stasis   .     (no boots)
MR     .....                    (no amulet)
Stlth  ..........               A - ring of flight
                                j - ring of magical power

@: not resistant to hostile enchantments, extremely unstealthy
A: retaliatory headbutt, horns 2
a: Heroism, Renounce Religion, Evoke Flight


You were on level 7 of the Dungeon.
You worshipped Okawaru.
Okawaru was aware of your devotion.
You were not hungry.

You visited 2 branches of the dungeon, and saw 8 of its levels.

You collected 160 gold pieces.

Inventory:

Hand Weapons
 a - a +0 war axe (weapon)
Armour
 b - a +0 scale mail
 c - a +0 shield (worn)
 e - a +0 plate armour (worn)
 D - a +0 cloak (worn)
Jewellery
 j - a ring of magical power (left hand)
 A - a ring of flight (right hand)
Wands
 t - a wand of fireball (11)
 C - a wand of polymorph (15)
 F - a wand of slowing (25)
Scrolls
 g - 10 scrolls of identify {unknown}
 k - a scroll of enchant armour {unknown}
 m - a scroll of teleportation {unknown}
 p - 2 scrolls of fog {unknown}
 q - a scroll of recharging {unknown}
 r - a scroll of blinking {unknown}
 u - 2 scrolls of enchant weapon {unknown}
 w - 2 scrolls of remove curse {unknown}
 y - a scroll of noise {unknown}
Potions
 d - 2 potions of might
 h - 2 potions of resistance {unknown}
 i - 2 potions of curing {unknown}
 l - 2 potions of brilliance {unknown}
 n - 2 potions of ambrosia {unknown}
 o - 2 potions of degeneration {unknown}
 x - 2 potions of mutation {unknown}
 z - 2 potions of agility {unknown}
 B - a potion of haste {unknown}
Books
 G - a book of Summonings

   Spells                             Type                      Level
   a - Recall                         Summoning/Translocation      3
   b - Aura of Abjuration             Summoning                    5
   c - Shadow Creatures               Summoning                    5
   d - Summon Demon                   Summoning                    5
   e - Summon Forest                  Summoning/Translocation      5
   f - Summon Mana Viper              Hexes/Summoning              5
Comestibles
 f - 2 beef jerkies
 s - 3 bread rations
 v - a meat ration
 E - a slice of pizza


   Skills:
 + Level 7.3 Fighting
 * Level 11.8 Axes
 - Level 5.7 Armour
 - Level 3.6 Shields


You had 8 spell levels left.
You didn't know any spells.

Dungeon Overview and Level Annotations

Branches:
Dungeon (7/15)             Temple (1/1) D:5

Altars:
Ashenzari
Cheibriados
Dithmenos
Elyvilon
Fedhas
Gozag
Kikubaaqudgha
Makhleb
Nemelex Xobeh
Okawaru
Qazlal
Ru
Sif Muna
Trog
Vehumet
Xom
Yredelemnul
Zin
The Shining One

Shops:
D:5 *

Annotations:
D:5 pk666's ghost, novice MiFi
D:7 Menkaure


Innate Abilities, Weirdness & Mutations

You reflexively headbutt those who attack you in melee.
You have a pair of horns on your head.


Message History

You hit the shadow imp.
You kill the shadow imp!
Okawaru accepts your kill.
Menkaure murmurs a few words.
Menkaure gestures at you while chanting.
Pain shoots through your body! Menkaure hits you!
You slash Menkaure! Your headbutt misses Menkaure.
Menkaure is severely damaged.
Menkaure hits you!
* * * LOW HITPOINT WARNING * * *
You are too injured to fight recklessly!
You are too injured to fight recklessly!
You are too injured to fight recklessly!
You are too injured to fight recklessly!
You are too injured to fight recklessly!
You hit Menkaure but do no damage. You headbutt Menkaure.
Menkaure is almost destroyed.
Menkaure hits you!
You die...

... #.#............
....###.#.#.##..#.#..
##......#.#.#...#.#..
#......#.#.#...#.#.. #
......#.#.#...#.#..
..####.....#.#.#...#.#..
...........###.....#.#..
.......M.....#.....#.###
.......@.#.# #<..#.#.#
...###.....# #.# +.....#
...#.#.# #.....# ..#.#.#
#.....# #.#.#<#
###'#.....#...#.#
#.#######.#.#.#
#...........#'###
######...........


You could see Menkaure.

Vanquished Creatures
  Grinder (D:6)
  The ghost of pk666 the Covered, an amateur MiFi (D:4)
  A hippogriff (D:7)
  3 phantoms (D:6)
  4 ice beasts
  An ogre (D:4)
  2 giant frogs (D:6)
  A wyvern skeleton (D:6)
  A scorpion (D:4)
  A crimson imp (D:6)
  A giant frog zombie (D:6)
  3 orc priests
  Crazy Yiuf (D:6)
  3 iguanas
  A centaur skeleton (D:6)
  2 hounds
  2 worker ants
  An orc wizard (D:4)
  A hound skeleton (D:5)
  A gnoll (D:3)
  6 adders
  4 shadow imps
  3 oozes
  2 adder skeletons
  3 worms
  2 giant geckos
  17 orcs
  A bat zombie (D:3)
  2 giant cockroaches
  10 goblins
  4 hobgoblins
  8 jackals
  6 quokkas
  2 ball pythons
  A ball python skeleton (D:3)
  4 bats
  A giant cockroach zombie (D:5)
  A giant gecko skeleton (D:4)
  A giant gecko zombie (D:7)
  4 giant newts
  4 kobolds
  A quokka skeleton (D:6)
  5 rats
  4 rat zombies (D:3)
128 creatures vanquished.

Notes
Turn   | Place    | Note
--------------------------------------------------------------
     0 | D:1      | pk666 the Minotaur Fighter began the quest for the Orb.
     0 | D:1      | Reached XP level 1. HP: 19/19 MP: 0/0
   452 | D:1      | Reached XP level 2. HP: 26/26 MP: 1/1
   875 | D:2      | Reached skill level 4 in Axes
  1018 | D:2      | Reached XP level 3. HP: 22/31 MP: 2/2
  1147 | D:2      | Found a faded altar to an unknown god.
  1538 | D:2      | Found a shimmering altar of Xom.
  1749 | D:3      | Found an ancient bone altar of Kikubaaqudgha.
  1928 | D:3      | Reached skill level 5 in Axes
  1974 | D:3      | Reached XP level 4. HP: 11/39 MP: 3/3
  1975 | D:3      | Reached skill level 6 in Axes
  2275 | D:3      | Reached XP level 5. HP: 45/45 MP: 4/4
  2833 | D:4      | Noticed pk666's ghost (amateur MiFi)
  3100 | D:4      | Killed pk666's ghost
  3100 | D:4      | Reached skill level 7 in Axes
  3100 | D:4      | Reached skill level 5 in Armour
  3100 | D:4      | Reached XP level 6. HP: 14/51 MP: 5/5
  3779 | D:4      | Reached skill level 8 in Axes
  3779 | D:4      | Reached XP level 7. HP: 50/57 MP: 6/6
  3804 | D:5      | Entered Level 5 of the Dungeon
  3899 | D:5      | Reached skill level 9 in Axes
  3966 | D:5      | Found a staircase to the Ecumenical Temple.
  3975 | Temple   | Entered the Ecumenical Temple
  4064 | D:5      | Found Editeko's Assorted Antiques.
  4233 | D:5      | Noticed pk666's ghost (novice MiFi)
  4748 | D:5      | Found a glowing silver altar of Zin.
  4753 | D:5      | Found a sparkling altar of Nemelex Xobeh.
  4755 | D:5      | Found a white marble altar of Elyvilon.
  4755 | D:5      | Found an iron altar of Okawaru.
  4768 | D:5      | Became a worshipper of Warmaster Okawaru
  5001 | D:6      | Reached skill level 5 in Fighting
  5101 | D:6      | Reached XP level 8. HP: 42/68 MP: 7/7
  5245 | D:6      | Noticed Grinder
  5254 | D:6      | Paralysed by Grinder for 6 turns
  5264 | D:6      | Killed Grinder
  5264 | D:6      | Reached skill level 10 in Axes
  5432 | D:6      | Reached * piety under Okawaru
  5587 | D:6      | Reached skill level 11 in Axes
  5841 | D:6      | Found a stormy altar of Qazlal.
  5911 | D:6      | Noticed Crazy Yiuf
  5915 | D:6      | Killed Crazy Yiuf
  6103 | D:7      | Reached XP level 9. HP: 75/79 MP: 8/8
  6145 | D:7      | Noticed Menkaure
  6152 | D:7      | Slain by Menkaure

Vault maps used:
D:1:      grunt_arrival_lava_bath, minmay_misc_feat_rows, serial_bayou_ford_a
D:2:      xom_teletrap_fun, first_bread, ecumenical_altar_1
D:3:      lemuel_zombie_altar_kikubaaqudgha
D:5:      grunt_temple_overflow_open, minmay_temple_entry_overgrown,
          serial_shops, shop
D:6:      lemuel_crystal_altar, kennysheep_generic_room_4, uniq_grinder,
          uniq_crazy_yiuf_cottage
D:7:      uniq_menkaure
Temple:   zaba_magenta_temple_12

Action                   |  1- 3 |  4- 6 |  7- 9 || total
-------------------------+-------+-------+-------++-------
Melee: War axe           |    96 |   128 |   209 ||   433
  Eat: Chunk             |     2 |       |     4 ||     6
       Bread ration      |     1 |     2 |       ||     3
